 Dungeon Crawl Stone Soup version 0.28-a0-1387-g3a22ab9bdc (webtiles) character file.

Game seed: 5231190747776894568

93 rogsnak the Magician (level 4, -4/32 HPs)
             Began as a Gnoll Hedge Wizard on Jan 2, 2022.
             Slain by a wyvern skeleton (14 damage)
             ... on level 4 of the Dungeon.
             The game lasted 00:04:13 (2425 turns).

rogsnak the Magician (Gnoll Hedge Wizard)           Turns: 2425, Time: 00:04:13

Health: -4/32      AC:  2    Str:  9    XL:     4   Next: 61%
Magic:  3/13       EV: 18    Int: 16    God:
Gold:   113        SH:  0    Dex: 15    Spells: 11/17 levels left

rFire   . . .      SeeInvis .   r - +1 dagger "Techaxie" {vamp, rPois Dex+4}
rCold   . . .      Faith    .   (no shield)
rNeg    . . .      Spirit   .   b - +0 robe
rPois   +          Reflect  .   c - +0 hat
rElec   .          Harm     .   (no cloak)
rCorr   .          Rampage  .   (no gloves)
Will    +....                   (no boots)
Stlth   +++.......              (no amulet)
HPRegen 0.10/turn               e - ring of willpower
MPRegen 0.13/turn               i - +4 ring of evasion

@: very slightly contaminated
A: fangs 1, strong nose, distributed training
a: no special abilities


You were on level 4 of the Dungeon.
You visited 1 branch of the dungeon, and saw 4 of its levels.

You collected 113 gold pieces.

Inventory:

Hand Weapons
 a - a +0 dagger
 g - a +0 short sword
 n - a +0 spear
 r - the +1 dagger "Techaxie" (weapon) {vamp, rPois Dex+4}
   (You found it on level 4 of the Dungeon)

   It occasionally heals its wielder for a portion of the damage dealt when it
   wounds a living foe.
   Dex:       It affects your dexterity (+4).
   rPois:     It protects you from poison.
Missiles
 h - 80 stones
 j - 11 poisoned darts
 m - 18 arrows
 o - 30 bolts
Armour
 b - a +0 robe (worn)
 c - a +0 hat (worn)
 l - the +4 chain mail "Mysesas" {rElec}
   (You found it on level 2 of the Dungeon)

   rElec:     It insulates you from electricity.
Jewellery
 e - a ring of willpower (left hand)
 i - a +4 ring of evasion (right hand)
Wands
 p - a wand of mindburst (11)
Scrolls
 d - a scroll of fear {unknown}
 f - a scroll of amnesia {unknown}
 k - a scroll of vulnerability {unknown}
 s - a scroll of immolation {unknown}
Potions
 q - a potion of lignification {unknown}


   Skills:
 + Level 1.2 Fighting
 + Level 1.2 Short Blades
 + Level 1.2 Long Blades
 + Level 1.2 Axes
 + Level 1.2 Maces & Flails
 + Level 1.2 Polearms
 + Level 1.2 Staves
 + Level 1.2 Slings
 + Level 1.2 Bows
 + Level 1.2 Crossbows
 + Level 1.2 Throwing
 + Level 1.2 Armour
 + Level 4.6 Dodging
 + Level 4.3 Stealth
 + Level 1.2 Shields
 + Level 1.2 Unarmed Combat
 + Level 7.2 Spellcasting
 + Level 2.2 Conjurations
 + Level 1.0 Hexes
 + Level 2.2 Summonings
 + Level 1.0 Necromancy
 + Level 2.2 Translocations
 + Level 1.0 Transmutations
 + Level 1.0 Fire Magic
 + Level 1.0 Ice Magic
 + Level 1.0 Air Magic
 + Level 1.0 Earth Magic
 + Level 1.0 Poison Magic
 + Level 1.3 Invocations
 + Level 1.2 Evocations


You had 11 spell levels left.
You knew the following spells:

 Your Spells              Type           Power      Damage    Failure   Level
a - Magic Dart            Conj           52%        1d5       4%          1
b - Blink                 Tloc           26%        N/A       7%          2
c - Mephitic Cloud        Conj/Pois/Air  10%        N/A       21%         3

Your spell library contained the following spells:

 Spells                   Type           Power      Damage    Failure   Level
 Call Imp                 Summ           13%        N/A       7%          2
 Slow                     Hex            32%        N/A       9%          1
 Conjure Flame            Conj/Fire      11%        6-21      19%         3


Dungeon Overview and Level Annotations

Branches:
Dungeon (5/15)
 Temple: D:4-7

Altars:
Xom

Annotations:
D:4 Grinder
D:5 Ijyb


Innate Abilities, Weirdness & Mutations

You have very sharp teeth.
Your uncanny sense of smell can sniff out nearby items.
Your experience applies equally to all skills.


Message History

Press: ? - help, Shift-Dir - straight line, f/p - wyvern skeleton
Aim: a wyvern skeleton (severely damaged, 100% to hit)
The magic dart hits the wyvern skeleton.
The wyvern skeleton is severely damaged.
The wyvern skeleton barely misses you.
Casting: Magic Dart (safe; 4% risk of failure)
Confirm with . or Enter, or press ? or * to list all spells.
Aiming: Magic Dart (safe; 4% risk of failure)
Press: ? - help, Shift-Dir - straight line, f/p - wyvern skeleton
Aim: a wyvern skeleton (severely damaged, 100% to hit)
The magic dart hits the wyvern skeleton.
The wyvern skeleton is severely damaged.
The wyvern skeleton misses you.
Casting: Magic Dart (safe; 4% risk of failure)
Confirm with . or Enter, or press ? or * to list all spells.
Aiming: Magic Dart (safe; 4% risk of failure)
Press: ? - help, Shift-Dir - straight line, f/p - wyvern skeleton
Aim: a wyvern skeleton (severely damaged, 100% to hit)
You miscast Magic Dart.
You are very lightly contaminated with residual magic.
Nothing appears to happen.
The wyvern skeleton misses you. The wyvern skeleton bites you.
Casting: Magic Dart (safe; 4% risk of failure)
Confirm with . or Enter, or press ? or * to list all spells.
Aiming: Magic Dart (safe; 4% risk of failure)
Press: ? - help, Shift-Dir - straight line, f/p - wyvern skeleton
Aim: a wyvern skeleton (severely damaged, 100% to hit)
The magic dart hits the wyvern skeleton.
The wyvern skeleton is severely damaged.
The wyvern skeleton misses you.
Unknown command.
Casting: Magic Dart (safe; 4% risk of failure)
Confirm with . or Enter, or press ? or * to list all spells.
Aiming: Magic Dart (safe; 4% risk of failure)
Press: ? - help, Shift-Dir - straight line, f/p - wyvern skeleton
Aim: a wyvern skeleton (severely damaged, 100% to hit)
The magic dart hits the wyvern skeleton.
The wyvern skeleton is almost destroyed.
The wyvern skeleton bites you!
You die...

#.........g..... .#####..$##.###
######.##.# ...........#
########...###.##...).
###........... #####.###(...5.#
##########........h.Z...#
##.........@Z........#...#
#####.....÷.....###.######...#
##.............############..Z###
.†.####..........................
.### #.....>..##################
## #........# #........# .
########## #


You could see a wyvern skeleton.

Vanquished Creatures
  A hound skeleton (D:2)
  2 adders
  2 worms (D:2)
  A dart slug (D:1)
  2 orcs (D:4)
  5 endoplasms
  A giant cockroach (D:1)
  3 goblins
  4 hobgoblins (D:1)
  4 jackals (D:1)
  5 quokkas
  2 ball pythons (D:1)
  4 bats
  2 frilled lizards
  7 kobolds
  3 rats
48 creatures vanquished.

Notes
Turn   | Place    | Note
-------+----------+-------------------------------------------
     0 | D:1      | rogsnak the Gnoll Hedge Wizard began the quest for the Orb.
     0 | D:1      | Reached XP level 1. HP: 13/13 MP: 8/8
   201 | D:1      | Reached XP level 2. HP: 19/19 MP: 2/10
   940 | D:1      | Reached XP level 3. HP: 25/25 MP: 8/11
  1115 | D:1      | Learned a level 2 spell: Blink
  1119 | D:1      | Learned a level 3 spell: Mephitic Cloud
  1518 | D:2      | Reached skill level 1 in Invocations
  1519 | D:2      | Identified the +4 chain mail "Mysesas" {rElec}
  1747 | D:2      | Reached skill level 1 in Fighting
  1747 | D:2      | Reached skill level 1 in Short Blades
  1747 | D:2      | Reached skill level 1 in Long Blades
  1747 | D:2      | Reached skill level 1 in Axes
  1747 | D:2      | Reached skill level 1 in Maces & Flails
  1747 | D:2      | Reached skill level 1 in Polearms
  1747 | D:2      | Reached skill level 1 in Staves
  1747 | D:2      | Reached skill level 1 in Slings
  1747 | D:2      | Reached skill level 1 in Bows
  1747 | D:2      | Reached skill level 1 in Crossbows
  1747 | D:2      | Reached skill level 1 in Throwing
  1747 | D:2      | Reached skill level 1 in Armour
  1747 | D:2      | Reached skill level 1 in Shields
  1747 | D:2      | Reached skill level 1 in Unarmed Combat
  1747 | D:2      | Reached skill level 1 in Evocations
  1747 | D:2      | Reached XP level 4. HP: 32/32 MP: 10/13
  2072 | D:2      | You fall into a shaft and drop 2 floors!
  2074 | D:4      | Identified the +1 dagger "Techaxie" {vamp, rPois Dex+4}
  2122 | D:4      | Found a shimmering altar of Xom.
  2147 | D:5      | Entered Level 5 of the Dungeon
  2147 | D:5      | Noticed a scorpion
  2169 | D:5      | Noticed Ijyb
  2174 | D:4      | Noticed an ogre
  2201 | D:4      | Reached skill level 1 in Hexes
  2201 | D:4      | Reached skill level 1 in Necromancy
  2201 | D:4      | Reached skill level 1 in Transmutations
  2201 | D:4      | Reached skill level 1 in Fire Magic
  2201 | D:4      | Reached skill level 1 in Ice Magic
  2201 | D:4      | Reached skill level 1 in Air Magic
  2201 | D:4      | Reached skill level 1 in Earth Magic
  2201 | D:4      | Reached skill level 1 in Poison Magic
  2395 | D:4      | Noticed Grinder
  2425 | D:4      | Slain by a wyvern skeleton

Illustrated notes

Levels and vault maps discovered:
D:1:      ebering_trefoil_3fold, layout_basic
D:2:      layout_basic, dilly_ecumenical_altar_fadedgnrine
D:4:      layout_rooms, led_xom_imps, kennysheep_mini, chequers_avenue,
          uniq_grinder
D:5:      layout_loops_ring, nicolae_gozag_zags_fifth_avenue,
          mainiacjoe_overflow_alcove_4, uniq_ijyb, uniq_blork_the_orc

Skill      XL: |  1  2  3  4 |
---------------+-------------+-----
Conjurations   | 2 |  2.2
Summonings     | 2 |  2.2
Translocations | 2 |  2.2
Invocations    | 1 |  1.3
Fighting       | 1 |  1.2
Short Blades   | 1 |  1.2
Long Blades    | 1 |  1.2
Axes           | 1 |  1.2
Maces & Flails | 1 |  1.2
Polearms       | 1 |  1.2
Staves         | 1 |  1.2
Slings         | 1 |  1.2
Bows           | 1 |  1.2
Crossbows      | 1 |  1.2
Throwing       | 1 |  1.2
Armour         | 1 |  1.2
Shields        | 1 |  1.2
Unarmed Combat | 1 |  1.2
Evocations     | 1 |  1.2
Hexes          | 1 |  1.0
Necromancy     | 1 |  1.0
Transmutations | 1 |  1.0
Fire Magic     | 1 |  1.0
Ice Magic      | 1 |  1.0
Air Magic      | 1 |  1.0
Earth Magic    | 1 |  1.0
Poison Magic   | 1 |  1.0
Dodging        | |  4.6
Stealth        | |  4.3
Spellcasting   | |  7.2

Action                   |  1- 3 |  4- 6 || total
-------------------------+-------+-------++-------
Melee: Dagger            |    12 |    11 ||    23
       Short sword       |    20 |       ||    20
       Bite              |     1 |       ||     1
       Spear             |     6 |     5 ||    11
 Cast: Magic Dart        |    91 |    39 ||   130
       Blink             |       |     1 ||     1
 Stab: Sleeping          |       |     1 ||     1
Armor: Robe              |     3 |     1 ||     4
Dodge: Dodged            |    27 |    20 ||    47

Table legend: (Time is in decaauts)
 A = Elapsed time spent in this place.
 B = Non-inter-level travel time spent in this place.
 C = Inter-level travel time spent in this place.
 D = Time resting spent in this place.
 E = Time spent auto-exploring this place.
 F = Levels seen in this place.
 G = Mean time per level.
                   A        B        C        D        E       F      G
               +--------+--------+--------+--------+--------+-----+--------+
         Total |   2422 |   2394 |     28 |    642 |   1291 |   4 |  605.5 |
       Dungeon |   2422 |   2394 |     28 |    642 |   1291 |   4 |  605.5 |
               +--------+--------+--------+--------+--------+-----+--------+

Top non-repeatable levels by time:
     D:1: 1304 daAuts
     D:2: 766 daAuts
     D:4: 327 daAuts
     D:5: 24 daAuts
